 Dungeon Crawl Stone Soup version 0.28.0 (webtiles) character file.

Game seed: 812739169206513038

3152 dolemite99 the Slicer (level 9, -4/70 HPs)
             Began as a Minotaur Fighter on Feb 6, 2022.
             Was a Believer of Makhleb.
             Killed by divine providence
             ... invoked by an orc priest
              (17 damage)
             ... on level 7 of the Dungeon.
             The game lasted 00:07:12 (6751 turns).

dolemite99 the Slicer (Minotaur Fighter)            Turns: 6751, Time: 00:07:13

Health: -4/70      AC: 12    Str: 32    XL:     9   Next: 62%
Magic:  8/8        EV:  9    Int:  5    God:    Makhleb [**....]
Gold:   195        SH:  4    Dex:  9    Spells: 8/8 levels left

rFire   . . .      SeeInvis .   a - +3 scimitar (drain)
rCold   . . .      Faith    .   c - +0 buckler
rNeg    . . .      Spirit   .   j - +1 scale mail
rPois   .          Reflect  .   (helmet restricted)
rElec   .          Harm     .   r - +0 cloak
rCorr   .          Rampage  .   J - +0 pair of gloves
Will    .....                   F - +1 pair of boots
Stlth   ..........              (no amulet)
HPRegen 0.21/turn               h - ring of wizardry
MPRegen 0.11/turn               i - +6 ring of strength

@: no status effects
A: horns 2, retaliatory headbutt
a: Renounce Religion, Minor Destruction


You were on level 7 of the Dungeon.
You worshipped Makhleb.
Makhleb was pleased with you.
You visited 2 branches of the dungeon, and saw 9 of its levels.

You collected 425 gold pieces.
You spent 230 gold pieces at shops.

Inventory:

Hand Weapons
 a - a +3 scimitar of draining (weapon)
 b - a +4 short sword of electrocution
 l - a +0 dagger
 p - a +0 short sword
 H - a +0 shortbow
 K - a +1 long sword
Missiles
 g - 141 arrows
 k - 105 sling bullets
 n - 157 stones (quivered)
 v - 9 poisoned darts
 D - 2 throwing nets
 E - 2 boomerangs
Armour
 c - a +0 buckler (worn)
 j - a +1 scale mail (worn)
 r - a +0 cloak (worn)
 w - a +0 pair of boots
 F - a +1 pair of boots (worn)
 J - a +0 pair of gloves (worn)
Jewellery
 h - a ring of wizardry (left hand)
 i - a +6 ring of strength (right hand)
 o - a ring of poison resistance
 B - a ring of ice
Wands
 A - a wand of flame (14)
Scrolls
 e - 5 scrolls of teleportation
 f - 3 scrolls of enchant armour
 u - a scroll of silence
 x - a scroll of blinking
 y - 3 scrolls of fear
 G - a scroll of enchant weapon
 I - 2 scrolls of identify {@r1}
 L - a scroll of amnesia
 M - a scroll of fog {unknown}
Potions
 d - a potion of flight {unknown}
 m - 5 potions of curing
 q - a potion of heal wounds
 s - 2 potions of magic {unknown}
 t - a potion of degeneration {unknown}
 z - 3 potions of lignification {unknown}
 C - a potion of mutation {unknown}


   Skills:
 - Level 3.6 Fighting
 - Level 13.6(14.0) Short Blades
 + Level 6.3(11.4) Long Blades
 - Level 3.6 Armour
 - Level 3.6 Shields


You had 8 spell levels left.
You didn't know any spells.
Your spell library contained the following spells:

 Spells                   Type           Power      Damage    Failure   Level
 Ensorcelled Hibernation  Hex/Ice        0%         N/A       61%         2
 Passwall                 Tmut/Erth      0%         N/A       61%         2
 Static Discharge         Conj/Air       0%         N/A       61%         2
 Frozen Ramparts          Ice            0%         1d2       82%         3
 Swiftness                Air            0%         N/A       82%         3
 Ice Form                 Ice/Tmut       0%         N/A       99%         4
 Leda's Liquefaction      Hex/Erth       0%         N/A       99%         4
 Summon Ice Beast         Ice/Summ       0%         N/A       99%         4
 Lee's Rapid Deconstruct  Erth           0%         3d5*      100%        5
 Lightning Bolt           Conj/Air       0%         1d11      100%        5
 Statue Form              Tmut/Erth      0%         N/A       100%        6
 Maxwell's Capacitive Co  Air            0%         ∞         100%        8


Dungeon Overview and Level Annotations

Branches:
Dungeon (8/15)             Temple (1/1) D:4
   Lair: D:8-11

Altars:
Gozag
Makhleb
Nemelex Xobeh
Qazlal
Ru
Sif Muna
Trog
Zin
The Shining One

Shops:
D:2 *   D:4 ?   D:7 *


Innate Abilities, Weirdness & Mutations

You have a pair of horns on your head.
You reflexively headbutt those who attack you in melee.


Message History

The orc warrior shouts!
Found 9 sling bullets.
The orc warrior hits you from afar with a +0 halberd!
The orc warrior barely misses you.
The orc priest invokes the aid of Beogh against you.
Beogh smites you!
You slash the orc warrior! You drain the orc warrior.
Your headbutt misses the orc warrior.
The orc warrior is heavily wounded.
The orc warrior hits you with a +0 halberd.
The orc priest hits you but does no damage.
You barely miss the orc warrior.
The orc warrior is heavily wounded.
The orc warrior barely misses you.
The orc priest hits you but does no damage.
You hit the orc warrior. You headbutt the orc warrior!
You kill the orc warrior!
Makhleb accepts your kill. The orc priest barely misses you.
Your base Long Blades skill increases to level 6!
You barely miss the orc priest.
The orc priest calls down the wrath of Beogh upon you.
Beogh smites you!
You are too injured to fight recklessly!
The orc priest calls down the wrath of Beogh upon you.
Beogh smites you!
Things that are here:
a +0 halberd; a +0 chain mail; an orc corpse You barely miss the orc priest.
You headbutt the orc priest.
The orc priest is moderately wounded.
You closely miss the orc priest.
The orc priest is moderately wounded.
The orc priest invokes the aid of Beogh against you.
Pain shoots through your body!
* * * LOW HITPOINT WARNING * * *
You barely miss the orc priest. You headbutt the orc priest!
The orc priest is severely wounded.
The orc priest mumbles some strange prayers to Beogh against you.
Beogh smites you!
You die...

.........#
...........# ...
.(.........# ....
#.....(..)# .....
.......<.# ...
#.........####.####
.#..#.?#####.......#
........## #.......#
...#.#@o###.......##.
#.........##..###.....
##........^..(#.......
......................
...........<..........
...####..............[
... ..................
.. ###...............
#...............


You could see an orc priest.

Vanquished Creatures
  2 two-headed ogres (D:8)
  A hornet (D:7)
  A steam dragon (D:6)
  2 sky beasts
  An orc warrior (D:7)
  4 centaurs
  A bullfrog (D:8)
  4 scorpions
  A killer bee (D:8)
  4 wights (D:6)
  A centaur zombie (D:5)
  A bullfrog skeleton (D:4)
  A hound (D:7)
  Crazy Yiuf (D:2)
  A centaur skeleton (D:6)
  3 iguanas
  2 orc wizards
  2 killer bee zombies
  A hound skeleton (D:5)
  A howler monkey zombie (D:6)
  10 adders
  A shadow imp (D:5)
  A white imp (D:6)
  An ufetubus (D:6)
  An adder skeleton (D:4)
  2 worms
  2 dart slugs
  8 orcs
  10 ball pythons
  4 endoplasms
  4 giant cockroaches
  6 hobgoblins
  10 kobolds
  3 quokkas
  4 bats
  2 frilled lizards
  13 goblins
  6 rats
123 creatures vanquished.

Notes
Turn   | Place    | Note
-------+----------+-------------------------------------------
     0 | D:1      | dolemite99 the Minotaur Fighter began the quest for the
                  | Orb.
     0 | D:1      | Reached XP level 1. HP: 19/19 MP: 0/0
   190 | D:1      | Reached XP level 2. HP: 17/26 MP: 1/1
  1204 | D:1      | Reached XP level 3. HP: 31/31 MP: 2/2
  1354 | D:2      | Found Nuatooqoa's Assorted Antiques.
  1373 | D:2      | Bought a scroll labelled ALOYMAIHEYNN for 17 gold pieces
  1373 | D:2      | Bought a viscous inky potion for 15 gold pieces
  1373 | D:2      | Bought 2 viscous red potions for 30 gold pieces
  1373 | D:2      | Bought a viscous inky potion for 15 gold pieces
  1859 | D:2      | Found a runed translucent door.
  1860 | D:2      | Noticed Crazy Yiuf
  1864 | D:2      | Killed Crazy Yiuf
  1865 | D:2      | Reached skill level 1 in Short Blades
  1865 | D:2      | Reached XP level 4. HP: 39/39 MP: 3/3
  1962 | D:3      | Reached skill level 2 in Short Blades
  2424 | D:3      | Reached skill level 3 in Short Blades
  2671 | D:3      | Found a glowing golden altar of the Shining One.
  2672 | D:3      | Found a shimmering blue altar of Sif Muna.
  2675 | D:3      | Found a burning altar of Makhleb.
  2675 | D:3      | Found a sparkling altar of Nemelex Xobeh.
  2678 | D:3      | Became a worshipper of Makhleb the Destroyer
  2873 | D:3      | Reached XP level 5. HP: 45/45 MP: 4/4
  3059 | D:4      | Reached skill level 4 in Short Blades
  3252 | D:4      | Found a staircase to the Ecumenical Temple.
  3256 | D:4      | Noticed a sky beast
  3265 | Temple   | Entered the Ecumenical Temple
  3471 | D:4      | Killed a sky beast
  3472 | D:4      | Reached skill level 5 in Short Blades
  3472 | D:4      | Reached XP level 6. HP: 51/51 MP: 5/5
  3774 | D:4      | Found Cesuidgh's Magic Scroll Shop.
  3841 | D:4      | Bought a scroll of blinking for 82 gold pieces
  3841 | D:4      | Bought a scroll of fear for 38 gold pieces
  3841 | D:4      | Bought a scroll of teleportation for 33 gold pieces
  4015 | D:4      | Reached skill level 6 in Short Blades
  4178 | D:5      | Entered Level 5 of the Dungeon
  4303 | D:5      | Found an opulent altar of Gozag.
  4303 | D:5      | You fall into a shaft and drop 3 floors!
  4339 | D:8      | Reached skill level 7 in Short Blades
  4345 | D:8      | Reached XP level 7. HP: 51/57 MP: 6/6
  4573 | D:8      | Noticed a two-headed ogre
  4582 | D:8      | Killed a two-headed ogre
  4583 | D:8      | Reached skill level 10 in Short Blades
  4583 | D:8      | Reached XP level 8. HP: 63/64 MP: 7/7
  4624 | D:8      | Noticed a two-headed ogre
  4631 | D:8      | Killed a two-headed ogre
  4632 | D:8      | Reached skill level 11 in Short Blades
  4743 | D:8      | Identified the +1 robe of Zaolemov {Will+ Regen+}
  4800 | D:8      | Reached * piety under Makhleb
  4895 | D:8      | Reached skill level 12 in Short Blades
  4898 | D:7      | Noticed a hornet
  4898 | D:7      | Found Monelica's Assorted Antiques.
  4906 | D:7      | Paralysed by a hornet for 2 turns
  4917 | D:7      | Killed a hornet
  4918 | D:7      | Reached XP level 9. HP: 31/70 MP: 8/8
  5230 | D:6      | Found a glowing silver altar of Zin.
  5379 | D:6      | Found a sacrificial altar of Ru.
  5394 | D:5      | Found a bloodstained altar of Trog.
  5456 | D:5      | Reached skill level 13 in Short Blades
  6378 | D:6      | Reached skill level 5 in Long Blades
  6386 | D:6      | Reached ** piety under Makhleb
  6751 | D:7      | Killed from afar by an orc priest

Illustrated notes

Levels and vault maps discovered:
D:1:      sevenhm_arrival_forest_fort_large_3, layout_basic,
          hangedman_feature_mirror, nrook_campfire, minmay_pentomino_u2
D:2:      layout_loops_ring, serial_shops, nicolae_shop_advertising_works
          [nicolae_subvault_shop_adworks], uniq_crazy_yiuf_cottage
D:3:      layout_loops_corners, mainiacjoe_overflow_alcove_3,
          grunt_decor_mini_mirrors, minmay_pentangle
D:4:      layout_basic, minmay_temple_entry_offerings, serial_glass,
          glass_columns_b, glass_columns_a, glass_columns_a, glass_columns_c,
          glass_columns_b, glass_columns_c, glass_columns_a, glass_columns_a,
          serial_shops, nicolae_inconvenience_store
D:5:      layout_cave_pools, gammafunk_temple_overflow_pools, nicolae_sextant
D:6:      layout_basic, zin_academy, nicolae_ru_awakened_eye
D:7:      layout_rooms, enter_bailey_2, serial_shops, nicolae_stop_n_shop_1,
          minmay_misc_feat_chi, uniq_joseph, uniq_pikel
D:8:      layout_basic
Temple:   dshaligram_water_room_temple

Skill      XL: |  1  2  3  4  5  6  7  8  9 |
---------------+----------------------------+-----
Long Blades    | 3 4 6 |  6.3
Short Blades   | 1 3 5 7 10 12 13 | 13.6
Fighting       | |  3.6
Armour         | |  3.6
Shields        | |  3.6

Action                   |  1- 3 |  4- 6 |  7- 9 || total
-------------------------+-------+-------+-------++-------
Melee: Long sword        |    79 |     2 |     6 ||    87
       Headbutt          |     9 |    14 |    18 ||    41
       Short sword       |     3 |    93 |    91 ||   187
       Scimitar          |       |       |    26 ||    26
Throw: Stone             |     5 |    11 |    13 ||    29
Evoke: Wand              |       |       |     3 ||     3
  Use: Scroll            |     4 |     9 |     1 ||    14
       Potion            |       |     1 |     1 ||     2
Armor: Scale mail        |    35 |    37 |    60 ||   132
Dodge: Dodged            |    45 |    33 |    40 ||   118
Block: Buckler           |    18 |    19 |    17 ||    54
